 Dungeon Crawl Stone Soup version 0.20.1-1-g8b1a95d66d (webtiles) character file.

315 Jynx the Digger (level 6, 0/32 HPs)
             Began as a Gargoyle Earth Elementalist on Dec 19, 2017.
             Slain by Glamhuggeren's ghost (8 damage)
             ... on level 4 of the Dungeon.
             The game lasted 00:06:28 (3988 turns).

Jynx the Digger (Gargoyle Earth Elementalist)       Turns: 3988, Time: 00:06:28

Health: 0/32       AC:  8    Str: 11    XL:     6   Next: 43%
Magic:  1/11       EV: 12    Int: 18    God:
Gold:   122        SH:  0    Dex: 10    Spells: 7/11 levels left

rFire    . . .     SeeInvis .   h - +2 mace (crush)
rCold    . . .     Gourm    .   (no shield)
rNeg     + . .     Faith    .   c - +0 robe
rPois    ∞         Spirit   .   (no helmet)
rElec    +         Reflect  .   (no cloak)
rCorr    .         Harm     .   k - +0 pair of gloves
MR       .....                  q - +0 pair of boots
Stlth    ++........             (no amulet)
Regen    0.1/turn               (no ring)
MPRegen  0.2/turn               (no ring)

@: no status effects
A: negative energy resistance 1, electricity resistance, unbreathing,
petrification resistance, rot immunity, AC +4
a: no special abilities


You were on level 4 of the Dungeon.
You were very hungry.

You visited 1 branch of the dungeon, and saw 4 of its levels.

You collected 122 gold pieces.

Inventory:

Hand Weapons
 h - a +2 mace of crushing (weapon)
Missiles
 b - 65 stones (quivered)
Armour
 c - a +0 robe (worn)
 k - a +0 pair of gloves (worn)
 q - a +0 pair of boots (worn)
Scrolls
 a - a scroll of fog
 g - 4 scrolls of remove curse
 i - a scroll of enchant weapon {unknown}
 l - 2 scrolls of teleportation
 n - a scroll of magic mapping {unknown}
Potions
 j - a potion of cancellation
 o - a potion of heal wounds {unknown}
 r - a potion of flight {unknown}
Books
 e - a book of Geomancy

   Spells                             Type                      Level
   a - Sandblast                      Earth                        1
   b - Passwall                       Transmutation/Earth          2
   c - Stone Arrow                    Conjuration/Earth            3
   d - Petrify                        Transmutation/Earth          4
   e - Lee's Rapid Deconstruction     Earth                        5
 p - a book of Cantrips

   Spells                             Type                      Level
   a - Confusing Touch                Hexes                        1
   b - Animate Skeleton               Necromancy                   1
   c - Summon Small Mammal            Summoning                    1
   d - Apportation                    Translocation                1
Comestibles
 d - 4 bread rations
 f - 5 fruits
 m - 2 royal jellies


   Skills:
 + Level 2.3 Maces & Flails
 - Level 1.5 Dodging
 - Level 2.1 Stealth
 + Level 3.4 Spellcasting
 + Level 2.1 Conjurations
   Level 0.7 Transmutations
 * Level 6.1 Earth Magic


You had 7 spell levels left.
You knew the following spells:

 Your Spells              Type           Power        Failure   Level  Hunger
a - Sandblast             Erth           ####..       1%          1    None
b - Stone Arrow           Conj/Erth      ###...       9%          3    ###....


Dungeon Overview and Level Annotations

Branches:
Dungeon (4/15)
 Temple: D:4-7

Altars:
Ashenzari
Sif Muna
Xom

Annotations:
D:4 Glamhuggeren's ghost, amateur MiMo


Innate Abilities, Weirdness & Mutations

You are resistant to torment.
Your stone body is resilient. (AC +4)
You are immune to poison.
You resist negative energy. (rN+)
You are resistant to electric shocks. (rElec)
You can survive without breathing.
You are immune to petrification.
You are immune to rotting.


Message History

Glamhuggeren's ghost is severely damaged.
Glamhuggeren's ghost hits you but does no damage.
You barely miss Glamhuggeren's ghost.
Glamhuggeren's ghost is severely damaged.
Glamhuggeren's ghost hits you.
You hit Glamhuggeren's ghost.
Glamhuggeren's ghost is severely damaged.
Glamhuggeren's ghost hits you! Glamhuggeren's ghost hits you.
* * * LOW HITPOINT WARNING * * *
You thump Glamhuggeren's ghost!
Glamhuggeren's ghost is almost destroyed.
Glamhuggeren's ghost barely misses you.
You hit Glamhuggeren's ghost but do no damage.
Glamhuggeren's ghost is almost destroyed.
Glamhuggeren's ghost hits you.
* * * LOW HITPOINT WARNING * * *
You closely miss Glamhuggeren's ghost.
Glamhuggeren's ghost is almost destroyed.
Glamhuggeren's ghost hits you!
You die...

.........#####...............
#........# #...............
#........# #...............
#........# #...............
#..W.....# #...............
#........# #...............
#........# #............###
.######### ###W....###### .#
#@....# .# +.....# .# #.....+
.###+# #.....# ......#
#.....# ......# #+###.....#
......######...#.....#
...........#...#.....#
...........#...#.....#


You could see Glamhuggeren's ghost.

Vanquished Creatures
  A scorpion (D:4)
  A jelly (D:4)
  A hound (D:4)
  2 orc wizards (D:3)
  4 adders
  An ooze (D:2)
  A worm (D:3)
  A dart slug (D:2)
  2 leopard geckos
  22 orcs (D:3)
  2 giant cockroaches (D:3)
  11 goblins
  8 hobgoblins
  3 jackals (D:3)
  A quokka (D:4)
  4 bats
  5 frilled lizards
  A jackal zombie (D:3)
  11 kobolds
  12 rats
94 creatures vanquished.

Notes
Turn   | Place    | Note
-------+----------+-------------------------------------------
     0 | D:1      | Jynx the Gargoyle Earth Elementalist began the quest for the Orb.
     0 | D:1      | Reached XP level 1. HP: 10/10 MP: 3/3
   243 | D:1      | Reached skill level 4 in Earth Magic
   243 | D:1      | Reached XP level 2. HP: 3/15 MP: 0/5
  1240 | D:1      | Reached XP level 3. HP: 19/19 MP: 3/6
  1524 | D:2      | Found a deep blue altar of Sif Muna.
  1617 | D:2      | Found a faded altar of an unknown god.
  1627 | D:2      | Reached skill level 1 in Maces & Flails
  1891 | D:2      | Found a shattered altar of Ashenzari.
  2092 | D:2      | Found a shimmering altar of Xom.
  2329 | D:2      | Reached XP level 4. HP: 24/24 MP: 6/8
  2397 | D:2      | Learned a level 3 spell: Stone Arrow
  2497 | D:3      | Reached skill level 5 in Earth Magic
  2913 | D:3      | Reached skill level 1 in Conjurations
  3017 | D:3      | Reached XP level 5. HP: 28/28 MP: 9/9
  3745 | D:4      | Reached XP level 6. HP: 32/32 MP: 7/11
  3749 | D:4      | Reached skill level 6 in Earth Magic
  3860 | D:4      | Noticed Glamhuggeren's ghost (amateur MiMo)
  3988 | D:4      | Slain by Glamhuggeren's ghost

Skill      XL: |  1  2  3  4  5  6 |
---------------+-------------------+-----
Earth Magic    | 4 5 6 |  6.1
Maces & Flails | 1 2 |  2.3
Spellcasting   | 3 |  3.4
Conjurations   | 1 2 |  2.1
Dodging        | |  1.5
Stealth        | |  2.1
Transmutations | |  0.7

Action                   |  1- 3 |  4- 6 || total
-------------------------+-------+-------++-------
Melee: Unarmed           |    12 |       ||    12
       Mace              |     2 |   100 ||   102
 Cast: Sandblast         |    67 |    49 ||   116
       Stone Arrow       |       |     1 ||     1
  Use: Scroll            |       |     4 ||     4
 Stab: Sleeping          |     1 |     1 ||     2
  Eat: Chunk             |     5 |     4 ||     9
Armor: Robe              |    10 |    44 ||    54
Dodge: Dodged            |    18 |    66 ||    84
